 Dungeon Crawl Stone Soup version 0.29-a0-378-gc08b2e8bf8 (webtiles) character file.

Game seed: 13779486630549959399

7749 Bruhh the Human Catastrophe (level 11, -6/78 HPs)
             Began as a Human Monk on May 5, 2022.
             Was an Elder of Qazlal.
             Mangled by a seven-headed hydra (8 damage)
             ... on level 9 of the Dungeon.
             The game lasted 00:28:26 (11110 turns).

Bruhh the Human Catastrophe (Human Monk)           Turns: 11110, Time: 00:28:26

Health: -6/78      AC:  7    Str: 15    XL:     11   Next: 43%
Magic:  30/30      EV: 13    Int: 12    God:    Qazlal [****..]
Gold:   488        SH:  5    Dex: 15    Spells: 19/23 levels left

rFire   . . .      SeeInvis .   u - +8 spear of Moral Flaws {venom, rElec rN+}
rCold   . . .      Faith    +   (no shield)
rNeg    + . .      Spirit   .   b - +0 robe
rPois   .          Reflect  .   g - +2 hat
rElec   +          Harm     .   w - +0 cloak
rCorr   .          Rampage  .   (no gloves)
Will    .....                   N - +1 pair of boots
Stlth   +.........              n - amulet of faith
HPRegen 0.23/turn               p - ring of magical power
MPRegen 0.22/turn               (no ring)

@: about to teleport, repel missiles
A: no striking features
a: Renounce Religion, Upheaval, Elemental Force


You were on level 9 of the Dungeon.
You worshipped Qazlal.
Qazlal was greatly pleased with you.
You visited 1 branch of the dungeon, and saw 9 of its levels.

You collected 488 gold pieces.

Inventory:

Hand Weapons
 a - a +0 mace
 u - the +8 spear of Moral Flaws (weapon) {venom, rElec rN+}
   (You found it on level 2 of the Dungeon)

   It poisons the flesh of those it strikes.
   rElec:     It insulates you from electricity.
   rN:        It protects you from negative energy.
Armour
 b - a +0 robe (worn)
 g - a +2 hat (worn)
 t - a +0 helmet
 w - a +0 cloak (worn)
 y - a +0 chain mail
 F - a +0 pair of boots
 N - a +1 pair of boots (worn)
Jewellery
 n - an amulet of faith (around neck)
 p - a ring of magical power (left hand)
 E - a ring of protection from cold
 H - a ring of ice
 I - an amulet of magic regeneration
 M - a ring of protection from cold
 P - a ring of magical power
 U - a ring of flight
Wands
 C - a wand of mindburst (17)
 O - a wand of charming (9)
 Q - a wand of digging (6)
Scrolls
 c - a scroll of summoning {unknown}
 e - 2 scrolls of enchant weapon {unknown}
 f - 2 scrolls of immolation {unknown}
 i - 2 scrolls of teleportation
 j - 3 scrolls of amnesia {unknown}
 m - a scroll of noise {unknown}
 q - 8 scrolls of identify {unknown}
 r - 4 scrolls of vulnerability {unknown}
 x - a scroll of enchant armour {unknown}
 A - 2 scrolls of magic mapping {unknown}
 G - a scroll of silence {unknown}
 J - a scroll of blinking {unknown}
 L - a scroll of brand weapon {unknown}
Potions
 d - 6 potions of curing
 h - 2 potions of degeneration {unknown}
 k - a potion of flight {unknown}
 l - a potion of invisibility {unknown}
 o - 2 potions of magic {unknown}
 s - 3 potions of lignification {unknown}
 v - 2 potions of resistance {unknown}
 z - 4 potions of heal wounds {unknown}
 B - 2 potions of might {unknown}
 D - a potion of berserk rage
 K - 3 potions of attraction {unknown}
 R - a potion of mutation {unknown}
 S - a potion of cancellation {unknown}
 T - a potion of ambrosia


   Skills:
 - Level 4.3 Fighting
 - Level 3.0 Maces & Flails
 - Level 10.0 Polearms
 - Level 3.0 Dodging
 - Level 2.2 Stealth
 + Level 6.8 Spellcasting
 + Level 6.1 Summonings
 - Level 10.0 Invocations


You had 19 spell levels left.
You knew the following spells:

 Your Spells              Type           Power      Damage    Failure   Level
a - Summon Small Mammal   Summ           72%        N/A       1%          1
b - Call Canine Familiar  Summ           18%        N/A       4%          3

Your spell library contained the following spells:

 Spells                   Type           Power      Damage    Failure   Level
 Summon Guardian Golem    Hex/Summ       11%        N/A       14%         3
 Foxfire                  Conj/Fire      16%        2x1d4     17%         1
 Sandblast                Erth           8%         2d5       17%         1
 Ensorcelled Hibernation  Hex/Ice        8%         N/A       26%         2
 Passwall                 Tmut/Erth      3%         N/A       26%         2
 Conjure Flame            Conj/Fire      4%         6-21      45%         3
 Inner Flame              Hex/Fire       4%         N/A       45%         3
 Stone Arrow              Conj/Erth      8%         3d7       45%         3
 Swiftness                Air            4%         N/A       45%         3
 Malign Gateway           Summ/Tloc      5%         N/A       100%        7
 Summon Horrible Things   Summ           9%         N/A       100%        8


Dungeon Overview and Level Annotations

Branches:
Dungeon (9/15)             Temple (0/1) D:7             Orc (0/2) D:9
   Lair: D:8-11

Altars:
Qazlal
Sif Muna
Xom
Beogh

Shops:
D:5 :*

Annotations:
D:5 3 runed translucent doors, Bruhh's ghost, novice HuEE
D:9 exclusion: ice statue


Message History

A seven-headed hydra comes into view.
Found a shimmering ring mail.
The seven-headed hydra roars!
A seven-headed hydra is nearby!
A seven-headed hydra is nearby!
A seven-headed hydra is nearby!
A seven-headed hydra is nearby!
A seven-headed hydra is nearby!
You puncture the seven-headed hydra!
The seven-headed hydra is lightly wounded.
The seven-headed hydra bites you! x4
The seven-headed hydra completely misses you.
The seven-headed hydra closely misses you.
The seven-headed hydra barely misses you.
You puncture the seven-headed hydra!
The seven-headed hydra is moderately wounded.
Okay, then.
Okay, then.
Okay, then.
As you read the scroll of teleportation, it crumbles to dust.
You feel strangely unstable.
You block the seven-headed hydra's attack.
The seven-headed hydra bites you!
The seven-headed hydra barely misses you.
The seven-headed hydra bites you. The seven-headed hydra bites you!
* * * LOW HITPOINT WARNING * * *
The seven-headed hydra bites you but does no damage.
The seven-headed hydra misses you.
The seven-headed hydra attacks as you move away!
The seven-headed hydra bites you.
* * * LOW HITPOINT WARNING * * *
The seven-headed hydra bites you.
* * * LOW HITPOINT WARNING * * *
The seven-headed hydra bites you.
* * * LOW HITPOINT WARNING * * *
The seven-headed hydra bites you.
* * * LOW HITPOINT WARNING * * *
You block the seven-headed hydra's attack.
The seven-headed hydra bites you!
You die...

####.#..# #....##.##
......#..##.## .# #
####.###..##.## .# #
#.# ##.†##.## .# #
#.# ##..##.####.## #
#.# ##..##.##...#
##.# ##..##.....# #
#.# ##.@##....#.##
.## ##D.##......#
..##..# ..##...##.##
##.##..# .[##....# #
##.##..# ..##.##..#
##.##..# ..##.###..#
##.##..##.##.......#
#..##..###.######...
#.#.##..#.#...# ###


You could see a seven-headed hydra.

Vanquished Creatures
  2 two-headed ogres
  A manticore (D:9)
  2 hornets
  Grinder (D:5)
  2 dream sheep (D:8)
  5 yaks (D:8)
  Eustachio (D:6)
  Edmund (D:5)
  An acid dragon (D:9)
  2 sky beasts
  3 black bears
  2 orc warriors
  2 ogres
  3 centaurs
  4 bullfrogs
  A kobold brigand (D:7)
  A gnoll sergeant (D:8)
  3 necrophages
  5 scorpions
  9 wights (D:8)
  Dowan (D:5)
  A howler monkey (D:6)
  3 hounds
  3 orc priests
  Crazy Yiuf (D:2)
  A gnoll shaman (D:8)
  4 jellies
  Ijyb (D:4)
  3 iguanas (D:5)
  Natasha (thrice) (D:4)
  7 orc wizards
  Robin (D:2)
  4 gnolls
  7 adders
  A shadow imp (D:8)
  A white imp (D:5)
  An ufetubus (D:5)
  4 worms
  3 dart slugs
  34 orcs
  4 bats
  3 endoplasms
  5 giant cockroaches
  16 goblins
  13 hobgoblins
  9 jackals
  A quokka (D:1)
  6 ball pythons
  3 frilled lizards
  12 kobolds
  8 rats
215 creatures vanquished.

Vanquished Creatures (collateral kills)
  A two-headed ogre (D:7)
  An ice beast (D:7)
2 creatures vanquished.

Vanquished Creatures (others)
  Duvessa (D:5)
1 creature vanquished.

Grand Total: 218 creatures vanquished

Notes
Turn   | Place    | Note
-------+----------+-------------------------------------------
     0 | D:1      | Bruhh the Human Monk began the quest for the Orb.
     0 | D:1      | Reached XP level 1. HP: 18/18 MP: 1/1
    58 | D:1      | Found a faded altar of an unknown god.
    65 | D:1      | Prayed at the altar of an unknown god.
    65 | D:1      | Became a worshipper of Qazlal Stormbringer
    65 | D:1      | Reached * piety under Qazlal
    65 | D:1      | Reached ** piety under Qazlal
   111 | D:1      | Reached XP level 2. HP: 21/24 MP: 2/2
   281 | D:1      | Reached skill level 1 in Invocations
   633 | D:1      | Reached XP level 3. HP: 29/29 MP: 4/4
   639 | D:1      | Reached *** piety under Qazlal
  1347 | D:2      | Reached XP level 4. HP: 26/37 MP: 1/5
  1772 | D:2      | Found a shimmering altar of Xom.
  1990 | D:2      | Noticed Robin
  2007 | D:2      | Killed Robin
  2574 | D:2      | Found a runed translucent door.
  2575 | D:2      | Noticed Crazy Yiuf
  2800 | D:2      | Reached XP level 5. HP: 34/42 MP: 7/7
  3030 | D:2      | Identified the +8 spear of Moral Flaws {venom, rElec rN+}
  3431 | D:2      | Killed Crazy Yiuf
  3432 | D:2      | Reached skill level 1 in Polearms
  3841 | D:3      | Noticed a sky beast
  3851 | D:3      | Killed a sky beast
  3852 | D:3      | Reached XP level 6. HP: 46/49 MP: 9/9
  4027 | D:3      | Found a shimmering blue altar of Sif Muna.
  4483 | D:4      | Noticed Ijyb
  4484 | D:4      | Noticed an ogre
  4484 | D:4      | Noticed a black bear
  4735 | D:4      | Noticed Natasha
  4738 | D:4      | Killed Natasha
  4765 | D:4      | Reached **** piety under Qazlal
  4767 | D:4      | Noticed Natasha
  4771 | D:4      | Reached XP level 7. HP: 52/55 MP: 10/10
  4772 | D:4      | Killed Natasha
  4780 | D:4      | Killed Ijyb
  4781 | D:4      | Reached skill level 5 in Invocations
  5548 | D:4      | Noticed Natasha
  5551 | D:4      | Killed Natasha
  5552 | D:4      | Reached XP level 8. HP: 61/61 MP: 12/12
  5783 | D:5      | Entered Level 5 of the Dungeon
  5783 | D:5      | Noticed Grinder
  5787 | D:5      | Paralysed by Grinder for 5 turns
  5796 | D:5      | Killed Grinder
  5797 | D:5      | Reached skill level 5 in Polearms
  5904 | D:5      | Found a runed translucent gate.
  5906 | D:5      | Found a runed translucent gate.
  5906 | D:5      | Found a runed translucent gate.
  5907 | D:5      | Noticed Bruhh's ghost (novice HuEE)
  5908 | D:5      | Identified the +7 dagger of the Exceptional God {vorpal,
                  | rPois rN+++ Dex-5 SInv}
  5919 | D:5      | Noticed Edmund
  6260 | D:5      | Noticed Dowan
  6260 | D:5      | Noticed Duvessa
  6278 | D:5      | Killed Duvessa
  6279 | D:5      | Killed Dowan
  6418 | D:5      | Found Zuczuav's Book Shop.
  6469 | D:5      | Reached XP level 9. HP: 66/66 MP: 15/15
  6547 | D:5      | Found Febeucwon's Fire Supplies.
  6736 | D:5      | Killed Edmund
  7161 | D:6      | Noticed Eustachio
  7180 | D:6      | Killed Eustachio
  7539 | D:6      | Reached ***** piety under Qazlal
  8213 | D:7      | Noticed a two-headed ogre
  8219 | D:7      | Killed a two-headed ogre
  8220 | D:7      | Reached skill level 10 in Invocations
  8220 | D:7      | Reached XP level 10. HP: 73/73 MP: 17/17
  8236 | D:7      | Paralysed by a hornet for 3 turns
  9091 | D:7      | Found a staircase to the Ecumenical Temple.
  9308 | D:7      | Learned a level 1 spell: Summon Small Mammal
  9636 | D:8      | Reached skill level 10 in Polearms
  9641 | D:8      | Reached skill level 1 in Summonings
 10107 | D:8      | Reached skill level 5 in Spellcasting
 10107 | D:8      | Reached XP level 11. HP: 59/78 MP: 18/18
 10474 | D:8      | Noticed a two-headed ogre
 10477 | D:8      | Killed a two-headed ogre
 10604 | D:8      | Reached skill level 5 in Summonings
 10680 | D:8      | Learned a level 3 spell: Call Canine Familiar
 10732 | D:9      | Got the Compendium of Flames
 10753 | D:9      | Found a staircase to the Orcish Mines.
 10806 | D:9      | Noticed a two-headed ogre
 10808 | D:9      | Killed a two-headed ogre
 11009 | D:9      | Noticed a manticore
 11023 | D:9      | Killed a manticore
 11106 | D:9      | Noticed a seven-headed hydra
 11110 | D:9      | HP: 2/78 [seven-headed hydra (5)]
 11110 | D:9      | Mangled by a seven-headed hydra

Illustrated notes

Levels and vault maps discovered:
D:1:      shiori_arrival_oz, layout_loops_corners, serial_rivers,
          chequers_serial_rivers_small_b, chequers_serial_rivers_small_a,
          chequers_serial_rivers_micro_b, chequers_serial_rivers_micro_e,
          chequers_serial_rivers_micro_b, chequers_serial_rivers_micro_e,
          chequers_ecumenical_altar_simple_redux
D:2:      layout_loops_corners, basic_altar, kennysheep_decorative_pillar,
          kennysheep_another_room, kennysheep_generic_room_3,
          uniq_crazy_yiuf_cottage, uniq_robin
D:3:      layout_basic, mainiacjoe_overflow_six_doors_small, serial_park_tiny_2,
          solitary_fountain
D:4:      layout_cave_pools, minmay_door_square, uniq_natasha, uniq_ijyb
D:5:      layout_loops_ring, serial_shops, kennysheep_mini_moat,
          biasface_ghost_orc_armoury, nicolae_shop_fire_sale
          [nicolae_sub_dead_trees], uniq_edmund, uniq_grinder, uniq_duvessa
D:6:      layout_loops_cross, uniq_eustachio
D:7:      layout_basic, minmay_temple_entry_statues_pillars
D:8:      layout_loops_corners, dreamdust_gnoll_shepherd
D:9:      layout_loops_ring, orc_0_dummy, minivault_16, minmay_diamond_spiral,
          uniq_erolcha

Skill      XL: |  1  2  3  4  5  6  7  8  9 10 11 |
---------------+----------------------------------+-----
Invocations    | 1 2 4 6 8 10 | 10.0
Fighting       | 4 |  4.3
Polearms       | 2 3 4 6 9 10 | 10.0
Spellcasting   | 2 5 6 |  6.8
Summonings     | 3 6 |  6.1
Maces & Flails | |  3.0
Dodging        | |  3.0
Stealth        | |  2.2

Action                   |  1- 3 |  4- 6 |  7- 9 | 10-12 || total
-------------------------+-------+-------+-------+-------++-------
Melee: Mace              |    73 |   104 |       |       ||   177
       Spear             |       |    73 |   224 |   203 ||   500
       Punch             |       |     2 |     1 |     1 ||     4
Invok: Upheaval          |     1 |     2 |     1 |     9 ||    13
       Elemental Force   |       |       |     1 |       ||     1
  Use: Scroll            |       |     1 |     1 |     1 ||     3
       Potion            |       |     1 |       |       ||     1
 Stab: Sleeping          |     2 |       |       |       ||     2
Armor: Robe              |    10 |    19 |       |    11 ||    40
       Chain mail        |       |    12 |    77 |    10 ||    99
Dodge: Dodged            |    47 |   120 |    34 |    50 ||   251
       Repelled          |       |       |     3 |     2 ||     5
Block: Other             |    13 |    24 |    19 |    12 ||    68

Table legend: (Time is in decaauts)
 A = Elapsed time spent in this place.
 B = Non-inter-level travel time spent in this place.
 C = Inter-level travel time spent in this place.
 D = Time resting spent in this place.
 E = Time spent auto-exploring this place.
 F = Levels seen in this place.
 G = Mean time per level.
                   A        B        C        D        E       F      G
               +--------+--------+--------+--------+--------+-----+--------+
         Total |  11040 |  10486 |    554 |    956 |   8102 |   9 | 1226.7 |
       Dungeon |  11040 |  10486 |    554 |    956 |   8102 |   9 | 1226.7 |
               +--------+--------+--------+--------+--------+-----+--------+

Top non-repeatable levels by time:
     D:1: 1903 daAuts
     D:2: 1842 daAuts
     D:3: 1372 daAuts
     D:5: 1343 daAuts
     D:8: 1334 daAuts
     D:7: 1184 daAuts
     D:6: 954 daAuts
     D:4: 718 daAuts
     D:9: 387 daAuts
